 Dungeon Sprint DCSS version 0.21-a0-270-g8204059 (webtiles) character file.

18775 potatolord6000 the Severer (level 12, -7/128 HPs)
             Began as a Hill Orc Monk on Sept 13, 2017.
             Was the Champion of Beogh.
             Mangled by a wandering mushroom (9 damage)
             ... summoned by a curse toe
             ... in the Dungeon (Sprint VII: "The Pits").
             The game lasted 00:12:22 (2925 turns).

potatolord6000 the Severer (Hill Orc Monk)          Turns: 2925, Time: 00:12:24

Health: -7/128     AC: 23    Str: 22    XL:     12   Next: 62%
Magic:  0/25       EV: 13    Int: 10    God:    Beogh [******]
Gold:   30         SH:  0    Dex: 13    Spells: 11/11 levels left

rFire    . . .     SeeInvis .   p - +8 war axe (freeze)
rCold    . . .     Gourm    .   (no shield)
rNeg     . . .     Faith    .   u - +6 chain mail
rPois    .         Spirit   .   (no helmet)
rElec    .         Reflect  .   s - +0 cloak
rCorr    .         Harm     .   t - +0 pair of gloves
MR       .....     NoTele   +   (no boots)
Stlth    ..........             (no amulet)
HPRegen  0.31/turn              b - +3 ring of evasion
MPRegen  0.19/turn              f - +3 ring of strength

@: confused, glowing
A: walk on water
a: Smiting, Recall Orcish Followers, Give Item to Named Follower, Resurrection,
Renounce Religion


You were in the Dungeon.
You worshipped Beogh.
Beogh was exalted by your worship.
You were very full.

You visited 1 branch You collected 30 gold pieces.

Inventory:

Hand Weapons
 p - a +8 war axe of freezing (weapon)
Armour
 s - a +0 cloak (worn)
 t - a +0 pair of gloves (worn)
 u - a +6 chain mail (worn)
Jewellery
 b - a +3 ring of evasion (left hand)
 f - a +3 ring of strength (right hand)
Scrolls
 i - a scroll of blinking
 k - 5 scrolls of remove curse
 l - 5 scrolls of amnesia
 m - a scroll of summoning
 q - 2 scrolls of identify
 x - a scroll of fog
Potions
 a - 2 potions of invisibility
 d - 3 potions of curing
 g - 2 potions of magic
 h - 5 potions of berserk rage
 j - 9 potions of heal wounds
 r - 2 potions of brilliance
Comestibles
 c - 8 bread rations
 n - 40 fruits
 o - 4 meat rations


   Skills:
 + Level 18.4 Fighting
 + Level 19.7 Axes
 + Level 16.8 Armour
 - Level 2.4 Dodging
 - Level 1.5 Stealth
 + Level 19.2 Invocations


You had 11 spell levels left.
You didn't know any spells.

Dungeon Overview and Level Annotations

Branches:
Dungeon (1/1)

Altars:
Ashenzari
Cheibriados
Dithmenos
Elyvilon
Fedhas
Gozag
Hepliaklqana
Kikubaaqudgha
Makhleb
Nemelex Xobeh
Okawaru
Qazlal
Ru
Sif Muna
Trog
Uskayaw
Vehumet
Wu Jian
Xom
Yredelemnul
Zin
The Shining One
Beogh
Jiyva
Lugonu


Message History

Are you sure you want to stumble around while confused and next to your ally Beowulf?
This could place you under penance!
Okay, then.
Are you sure you want to stumble around while confused and next to your ally Beowulf?
This could place you under penance!
Okay, then.
Are you sure you want to stumble around while confused and next to your ally Beowulf?
This could place you under penance!
Okay, then.
Are you sure you want to stumble around while confused and next to your ally Beowulf?
This could place you under penance!
Okay, then.
Unknown command.
Are you sure you want to stumble around while confused and next to your ally Beowulf?
This could place you under penance! [Y]es or [N]o only, please.
Are you sure you want to stumble around while confused and next to your ally Beowulf?
This could place you under penance!
You slice the wandering mushroom!! You freeze the wandering mushroom.
You destroy the wandering mushroom!
You slash the wandering mushroom! You freeze the wandering mushroom.
You hit the wandering mushroom. You freeze the wandering mushroom.
Your orc knight hits the wandering mushroom with a flail!!
The wandering mushroom is destroyed!
The wandering mushroom releases spores at you!
You die...

.........#
..........# .§
..#....#..# §'
..........# x.z§
..........# e).x
..#....#f.##mA#''
.......ff)oCzx'xq
......f).@omdY'..
##++####'f#######
#''################
#...ooo)...........
#..................
#..##############++
#..# #..# ######
#..#


You could see a dire elephant, a yellow draconian, 2 curse toes, a red draconian
shifter, a stone giant, a merfolk impaler, a cherub, a deep elf death mage, a
merfolk, 5 wandering mushrooms, 4 crawling corpses, a friendly orc knight and
the friendly Beowulf the orc knight (confused).

Vanquished Creatures
  Jory (D)
  An emperor scorpion (D)
  An orc warlord (D)
  A red draconian (D)
  An ettin (D)
  A slime creature (D)
  A naga warrior (D)
  An alligator (D)
  A death yak (D)
  A deep troll (D)
  2 deep elf magi (D)
  A manticore (D)
  Joseph (D)
  A black mamba (D)
  A smoke demon (D)
  A kobold demonologist (D)
  An efreet (D)
  A hellwing (D)
  A demonic crawler (D)
  A komodo dragon (D)
  A troll (D)
  9 dream sheep (D)
  A redback (D)
  A shadow (D)
  A ynoxinul (D)
  5 yaks (D)
  A hungry ghost (D)
  A steam dragon (D)
  Menkaure (D)
  4 nagas (D)
  2 wargs (D)
  An orc warrior (D)
  A necrophage (D)
  2 gnoll sergeants (D)
  A bullfrog (D)
  A scorpion (D)
  6 killer bees (D)
  A crimson imp (D)
  An orc priest (D)
  An iron imp (D)
  An iguana (D)
  An orc wizard (D)
  A worker ant (D)
  5 gnolls (D)
  An adder (D)
  An ooze (D)
  A leopard gecko (D)
  A giant cockroach (D)
  3 hobgoblins (D)
  8 jackals (D)
  A bat (D)
  A frilled lizard (D)
  A kobold (D)
89 creatures vanquished.

Vanquished Creatures (collateral kills)
  A shadow wraith (D)
  A flayed ghost (D)
  An orc knight (D)
  A demonic crawler (D)
  A guardian mummy (D)
  A slime creature (D)
  2 dream sheep (D)
  A yak (D)
  A fire elemental (D)
  An eye of draining (D)
  A wolf (D)
  A centaur (D)
  A gnoll sergeant (D)
  2 killer bees (D)
  A mummy (D)
  5 gnolls (D)
22 creatures vanquished.

Vanquished Creatures (others)
  2 orc knights (D)
  2 orc sorcerers (D)
  2 orc warriors (D)
  A swamp drake (D)
  2 killer bees (D)
  4 orcs (D)
  A rat (D)
14 creatures vanquished.

Grand Total: 125 creatures vanquished

Notes
Turn   | Place    | Note
-------+----------+-------------------------------------------
     0 | D        | potatolord6000 the Hill Orc Monk began the quest for the Orb.
     0 | D        | Reached XP level 1. HP: 19/19 MP: 1/1
    20 | D        | Reached skill level 5 in Axes
    20 | D        | Reached XP level 2. HP: 12/28 MP: 2/2
    53 | D        | Found a bloodstained altar of Trog.
    53 | D        | Found a deep blue altar of Sif Muna.
    53 | D        | Found a viscous altar of Jiyva.
    53 | D        | Found a hazy altar of Hepliaklqana.
    53 | D        | Found an opulent altar of Gozag.
    54 | D        | Found a glowing golden altar of the Shining One.
    54 | D        | Found a glowing silver altar of Zin.
    54 | D        | Found a basalt altar of Yredelemnul.
    54 | D        | Found a shimmering altar of Xom.
    54 | D        | Found an ornate altar of the Wu Jian Council.
    54 | D        | Found a sacrificial altar of Ru.
    54 | D        | Found a stormy altar of Qazlal.
    54 | D        | Found an iron altar of Okawaru.
    54 | D        | Found a sparkling altar of Nemelex Xobeh.
    54 | D        | Found a burning altar of Makhleb.
    54 | D        | Found a blossoming altar of Fedhas.
    54 | D        | Found a white marble altar of Elyvilon.
    54 | D        | Found a shadowy altar of Dithmenos.
    54 | D        | Found a snail-covered altar of Cheibriados.
    56 | D        | Found a radiant altar of Vehumet.
    56 | D        | Found a corrupted altar of Lugonu.
    56 | D        | Found a roughly hewn altar of Beogh.
    58 | D        | Found an ancient bone altar of Kikubaaqudgha.
    58 | D        | Found a hide-covered altar of Uskayaw.
    58 | D        | Found a shattered altar of Ashenzari.
    66 | D        | Became a worshipper of Beogh the Brigand
    66 | D        | Reached * piety under Beogh
    66 | D        | Reached ** piety under Beogh
   204 | D        | Reached skill level 1 in Invocations
   290 | D        | Reached *** piety under Beogh
   290 | D        | Reached skill level 5 in Fighting
   439 | D        | Reached XP level 3. HP: 32/36 MP: 4/4
   439 | D        | Reached **** piety under Beogh
   451 | D        | Reached XP level 4. HP: 38/44 MP: 1/6
   622 | D        | Noticed a warg
   624 | D        | Noticed an orc warrior
   628 | D        | Noticed a deep elf mage
   641 | D        | Killed a deep elf mage
   641 | D        | Reached ***** piety under Beogh
   641 | D        | Reached skill level 10 in Axes
   641 | D        | Reached XP level 5. HP: 45/58 MP: 1/11
   641 | D        | Reached XP level 6. HP: 51/66 MP: 1/12
   641 | D        | Reached XP level 7. HP: 55/71 MP: 1/13
   644 | D        | Killed a warg
   644 | D        | Reached skill level 10 in Fighting
   657 | D        | Reached skill level 10 in Invocations
   695 | D        | Noticed a redback
   699 | D        | Killed a redback
   699 | D        | Reached XP level 8. HP: 56/81 MP: 8/15
   705 | D        | Reached ****** piety under Beogh
   943 | D        | Noticed a dream sheep
   943 | D        | Noticed a dream sheep
   943 | D        | Noticed a dream sheep
   943 | D        | Noticed a dream sheep
   943 | D        | Noticed a dream sheep
   943 | D        | Noticed a dream sheep
   943 | D        | Noticed a smoke demon
   944 | D        | Noticed a dream sheep
   947 | D        | Killed a dream sheep
   949 | D        | Killed a dream sheep
   949 | D        | Reached skill level 10 in Armour
   955 | D        | Killed a smoke demon
   957 | D        | Killed a dream sheep
   959 | D        | Killed a dream sheep
   959 | D        | Reached XP level 9. HP: 91/91 MP: 16/18
  1121 | D        | Noticed a guardian mummy
  1135 | D        | Killed a guardian mummy
  1148 | D        | Noticed a naga warrior
  1148 | D        | Noticed a death yak
  1152 | D        | Killed a death yak
  1152 | D        | Reached XP level 10. HP: 98/102 MP: 13/20
  1169 | D        | Killed a naga warrior
  1169 | D        | Reached skill level 15 in Axes
  1444 | D        | Noticed an orc sorcerer
  1448 | D        | Noticed a red draconian
  1450 | D        | Reached skill level 15 in Invocations
  1455 | D        | Killed a red draconian
  1455 | D        | Reached skill level 15 in Fighting
  1680 | D        | Noticed Joseph
  1680 | D        | Noticed a manticore
  1687 | D        | Killed Joseph
  1687 | D        | Reached XP level 11. HP: 85/112 MP: 22/22
  1692 | D        | Killed a manticore
  1873 | D        | Noticed a flayed ghost
  1879 | D        | Killed a flayed ghost
  2172 | D        | Gained Brunolf as an ally
  2173 | D        | Noticed Menkaure
  2173 | D        | Noticed a deep troll
  2176 | D        | Noticed an emperor scorpion
  2189 | D        | Killed an emperor scorpion
  2191 | D        | Killed a deep troll
  2191 | D        | Reached skill level 15 in Armour
  2205 | D        | Killed Menkaure
  2215 | D        | Gained Oruk as an ally
  2543 | D        | Killed a shadow wraith
  2565 | D        | Noticed a deep elf mage
  2571 | D        | Killed a deep elf mage
  2591 | D        | Reached XP level 12. HP: 98/125 MP: 24/24
  2611 | D        | Noticed an alligator
  2618 | D        | Killed an alligator
  2910 | D        | Noticed an ettin
  2910 | D        | Noticed Jory
  2910 | D        | Noticed an orc warlord
  2912 | D        | Your ally Brunolf died
  2913 | D        | Noticed a stone giant
  2913 | D        | Noticed a yellow draconian
  2913 | D        | Killed an ettin
  2914 | D        | Noticed a curse toe
  2919 | D        | Noticed a dire elephant
  2920 | D        | Noticed a merfolk impaler
  2920 | D        | Killed an orc warlord
  2920 | D        | Gained Beowulf as an ally
  2922 | D        | Noticed a red draconian shifter
  2923 | D        | Noticed a deep elf death mage
  2923 | D        | Killed Jory
  2923 | D        | HP: 2/128 [wandering mushroom[a curse toe] (8)]
  2924 | D        | Noticed a curse toe
  2925 | D        | Mangled by a wandering mushroom

Vault maps used:
D:        pitsprint

Skill      XL: |  1  2  3  4  5  6  7  8  9 10 11 12 |
---------------+-------------------------------------+-----
Fighting       | 4 5 6 9 10 12 13 15 17 18 | 18.4
Axes           | 5 6 10 11 13 14 16 18 19 | 19.7
Armour         | 2 4 7 9 10 12 13 15 16 | 16.8
Invocations    | 2 3 8 10 12 14 15 17 19 | 19.2
Dodging        | |  2.4
Stealth        | |  1.5

Action                   |  1- 3 |  4- 6 |  7- 9 | 10-12 || total
-------------------------+-------+-------+-------+-------++-------
Melee: Hand axe          |    38 |    15 |    74 |       ||   127
       War axe           |       |       |    12 |   152 ||   164
Invok: Smiting           |     1 |     2 |     2 |    25 ||    30
       Resurrection      |       |       |     1 |       ||     1
  Use: Potion            |     1 |     1 |     5 |    13 ||    20
       Scroll            |       |       |       |     8 ||     8
 Stab: Distracted        |       |       |     1 |     1 ||     2
       Confused          |       |       |       |     2 ||     2
       Paralysed         |       |       |       |     2 ||     2
  Eat: Meat ration       |       |       |     2 |     1 ||     3
Armor: Robe              |     5 |       |       |       ||     5
       Chain mail        |       |     4 |    25 |    95 ||   124
Dodge: Dodged            |    51 |     4 |    30 |   151 ||   236

Table legend:
 A = Spawn XP
 B = Non-spawn XP
 C = Spawn XP percentage of total XP
 D = Spawn monster count
 E = Non-spawn monster count
 F = Spawn count percentage of total count
 G = Total turns spent on level
                    A         B        C        D         E        F      G
               +---------+---------+-------+---------+---------+-------+---------
         Total |       0 |   26822 |   0.0 |       0 |     112 |   0.0 |  2925
               +---------+---------+-------+---------+---------+-------+---------
             D |       0 |   26822 |   0.0 |       0 |     112 |   0.0 |  2925
               +---------+---------+-------+---------+---------+-------+---------
